 Seeded DCSS version 0.24-a0-584-g9d6b971 (webtiles) character file.

Game seed: 1826239154396195452, levelgen mode: deterministic

155 Llamajah the Ruffian (level 5, -9/49 HPs)
             Began as a Troll Hunter on Sept 3, 2019.
             Killed by divine providence
             ... invoked by an orc priest
              (12 damage)
             ... on level 3 of the Dungeon.
             The game lasted 00:08:04 (2080 turns).

Llamajah the Ruffian (Troll Hunter)                 Turns: 2080, Time: 00:08:05

Health: -9/49      AC:  6    Str: 20    XL:     5   Next: 14%
Magic:  4/4        EV: 12    Int:  7    God:
Gold:   95         SH:  0    Dex: 11    Spells: 4/4 levels left

rFire    . . .     SeeInvis .     - Unarmed
rCold    . . .     Gourm    +   (no shield)
rNeg     . . .     Faith    .   c - +0 robe
rPois    +         Spirit   .   (helmet restricted)
rElec    .         Reflect  .   (no cloak)
rCorr    .         Harm     .   (gloves unavailable)
MR       .....                  (boots unavailable)
Stlth    +.........             (no amulet)
HPRegen  0.56/turn              o - +2 ring of evasion
MPRegen  0.09/turn              r - ring of poison resistance

@: no status effects
A: large, unfitting armour, claws 3, fast metabolism 3, gourmand, regeneration
1, shaggy fur 1, tough skin 3
a: no special abilities


You were on level 3 of the Dungeon.
You were completely stuffed.

You visited 1 branch of the dungeon, and saw 3 of its levels.

You collected 95 gold pieces.

Inventory:

Hand Weapons
 b - a +0 short sword
Missiles
 d - 20 arrows
 e - 98 stones (quivered)
Armour
 c - a +0 robe (worn)
Jewellery
 o - a +2 ring of evasion (left claw)
 r - a ring of poison resistance (right claw)
Scrolls
 a - 3 scrolls of random uselessness {unknown}
 g - 3 scrolls of amnesia {unknown}
 h - 6 scrolls of identify {unknown}
 j - 2 scrolls of noise {unknown}
 k - a scroll of immolation {unknown}
 q - a scroll of fear {unknown}
 s - a scroll of blinking {unknown}
 t - a scroll of remove curse {unknown}
 v - a scroll of fog {unknown}
 w - a scroll of magic mapping {unknown}
Potions
 i - a potion of resistance {unknown}
 l - a potion of heal wounds {unknown}
 m - a potion of lignification {unknown}
 n - a potion of brilliance {unknown}
 p - a potion of might {unknown}
Comestibles
 f - 6 rations
 u - 3 chunks of flesh


   Skills:
 + Level 2.3 Fighting
   Level 2.6 Bows
 + Level 1.6 Throwing
 + Level 1.4 Armour
 - Level 1.5 Dodging
 - Level 0.8 Stealth
 * Level 2.8 Unarmed Combat


You had 4 spell levels left.
You didn't know any spells.
Your spell library was empty.

Dungeon Overview and Level Annotations

Branches:
Dungeon (3/15)

Altars:


Innate Abilities, Weirdness & Mutations

You are too large for most types of armour.
You have claws for hands.
Your metabolism is lightning-fast.
You like to eat raw meat.
Your natural rate of healing is unusually fast.
You are covered in fur. (AC +1)
You have extremely tough skin. (AC +3)


Message History

You barely miss the orc priest.
The orc priest is moderately wounded.
The orc priest looks encouraged for a moment.
The orc closely misses you. The orc misses you.
You scratch the orc priest.
The orc priest is moderately wounded.
The orc priest hits you with a +1 flail of protection!
The orc barely misses you. The orc hits you but does no damage.
You claw the orc priest!
The orc priest is almost dead.
The orc priest invokes the aid of Beogh against you.
Beogh smites you!
* * * LOW HITPOINT WARNING * * *
The orc hits you with a +0 whip.
* * * LOW HITPOINT WARNING * * *
Some of the chunks of flesh in your inventory have rotted away.
You see here a bubbling silvery potion.
The orc priest mumbles some strange prayers to Beogh against you.
Beogh smites you!
You die...

#.........##.###.##
....
#####'#####........
..... #.# #...##.##
..... #.#
#.#รท.....
.....#####.#
#.#..#.##
.......##.#
#.#..#.# #....##.#
#.#... #....##.#
#.#.#.. +...@'..#
#.#.....
##+###.o!o####
#.###..##
#.....)o.## .>.
#........#
#........#
#........#
#......?.#
#........#
#........#


You could see an orc priest and 2 orcs.

Vanquished Creatures
  5 gnolls (D:2)
  3 adders (D:2)
  2 oozes (D:1)
  2 worms
  2 orcs (D:3)
  4 giant cockroaches
  7 goblins
  5 hobgoblins
  3 jackals (D:2)
  6 kobolds
  6 quokkas (D:2)
  6 bats
  7 frilled lizards
  8 rats
  A plant (D:2)
67 creatures vanquished.

Notes
Turn   | Place    | Note
-------+----------+-------------------------------------------
     0 | D:1      | Llamajah the Troll Hunter began the quest for the Orb.
     0 | D:1      | Reached XP level 1. HP: 19/19 MP: 0/0
   132 | D:1      | Reached XP level 2. HP: 17/28 MP: 1/1
   175 | D:1      | Reached skill level 1 in Unarmed Combat
   633 | D:1      | Reached XP level 3. HP: 35/35 MP: 2/2
   915 | D:2      | Reached skill level 1 in Throwing
  1193 | D:2      | Reached skill level 1 in Armour
  1290 | D:2      | Reached XP level 4. HP: 42/42 MP: 3/3
  1845 | D:2      | Reached XP level 5. HP: 45/49 MP: 4/4
  2078 | D:3      | HP: 2/49 [orc/+0 whip (4)]
  2080 | D:3      | Killed from afar by an orc priest

Levels and vault maps discovered:
D:1:      saegor_arrival_simple_e, layout_loops_ring
D:2:      wad_woods_tower, layout_basic, serial_bayou_crossing
D:3:      layout_basic, lemuel_doored_altar

Skill      XL: |  1  2  3 |
---------------+----------+-----
Unarmed Combat | 1 2 |  2.8
Throwing       | 1 |  1.6
Fighting       | 2 |  2.3
Armour         | 1 |  1.4
Bows           | |  2.6
Dodging        | |  1.5
Stealth        | |  0.8

Action                   |  1- 3 |  4- 6 || total
-------------------------+-------+-------++-------
Melee: Unarmed           |   175 |    78 ||   253
       Punch             |       |     1 ||     1
 Stab: Sleeping          |     2 |     2 ||     4
  Eat: Chunk             |    18 |     7 ||    25
Armor: Robe              |    62 |    19 ||    81
Dodge: Dodged            |    90 |    64 ||   154

Table legend:
 A = Non-vault XP
 B = Vault XP
 C = Vault XP percentage of total XP
 D = Non-vault monster count
 E = Vault monster count
 F = Vault count percentage of total count
                 A         B        C        D         E       F
            +---------+---------+-------+---------+---------+-------
      Total |     186 |      36 |  16.2 |      60 |       6 |   9.1
            +---------+---------+-------+---------+---------+-------
        D:1 |      44 |       0 |   0.0 |      24 |       0 |   0.0
        D:2 |     128 |      36 |  22.0 |      31 |       6 |  16.2
        D:3 |      14 |       0 |   0.0 |       5 |       0 |   0.0
            +---------+---------+-------+---------+---------+-------
